 Dungeon Crawl Stone Soup version 0.22-a0-348-gd16d139 (webtiles) character file.

214 xccam the Skirmisher (level 5, 0/47 HPs)
             Began as a Gnoll Wanderer on Apr 7, 2018.
             Succumbed to a water moccasin's poison
             ... on level 3 of the Dungeon.
             The game lasted 00:03:15 (1905 turns).

xccam the Skirmisher (Gnoll Wanderer)               Turns: 1905, Time: 00:03:15

Health: 0/47       AC:  7    Str: 17    XL:     5   Next: 92%
Magic:  5/7        EV: 11    Int: 13    God:
Gold:   82         SH:  0    Dex: 14    Spells: 7/7 levels left

rFire    . . .     SeeInvis .   a - +2 short sword
rCold    . . .     Gourm    .   (no shield)
rNeg     . . .     Faith    .   b - +0 ring mail
rPois    .         Spirit   .   (no helmet)
rElec    .         Reflect  .   (no cloak)
rCorr    .         Harm     .   m - +0 pair of gloves
MR       .....                  (no boots)
Stlth    +.........             (no amulet)
HPRegen  0.15/turn              n - +2 ring of slaying
MPRegen  0.10/turn              (no ring)

@: lethally poisoned (0 -> -5)
A: distributed training, fangs 1, strong nose
a: no special abilities


You were on level 3 of the Dungeon.
You were not hungry.

You visited 1 branch of the dungeon, and saw 3 of its levels.

You collected 82 gold pieces.

Inventory:

Hand Weapons
 a - a +2 short sword (weapon)
 c - a +0 hand axe
Armour
 b - a +0 ring mail (worn)
 l - a +0 chain mail
 m - a +0 pair of gloves (worn)
Jewellery
 n - a +2 ring of slaying (left hand)
Scrolls
 f - 2 scrolls of teleportation
 g - 3 scrolls of remove curse
 h - 3 scrolls of identify
 j - 2 scrolls of enchant armour
Comestibles
 d - 4 rations


   Skills:
 + Level 6.7 Fighting
 + Level 3.1 Short Blades
 + Level 1.6 Long Blades
 + Level 4.8 Axes
 + Level 1.6 Maces & Flails
 + Level 1.6 Polearms
 + Level 1.6 Staves
 + Level 1.6 Slings
 + Level 1.6 Bows
 + Level 1.6 Crossbows
 + Level 1.6 Throwing
 + Level 4.8 Armour
 + Level 1.6 Dodging
 + Level 1.6 Stealth
 + Level 4.8 Shields
 + Level 1.6 Unarmed Combat
 + Level 1.6 Spellcasting
 + Level 1.3 Conjurations
 + Level 1.3 Hexes
 + Level 1.3 Charms
 + Level 1.3 Summonings
 + Level 1.3 Necromancy
 + Level 1.3 Translocations
 + Level 1.3 Transmutations
 + Level 1.3 Fire Magic
 + Level 1.3 Ice Magic
 + Level 1.3 Air Magic
 + Level 1.3 Earth Magic
 + Level 1.3 Poison Magic
 + Level 1.9 Invocations
 + Level 1.6 Evocations


You had 7 spell levels left.
You didn't know any spells.

Dungeon Overview and Level Annotations

Branches:
Dungeon (3/15)

Altars:


Innate Abilities, Weirdness & Mutations

Your experience applies equally to all skills.
You have very sharp teeth.
Your uncanny sense of smell can sniff out nearby items.


Message History

Your Short Blades skill increases to level 3!
You have reached level 5!
* * * LOW HITPOINT WARNING * * *
You feel sick.
You hit the orc. You bite the orc.
The orc is heavily wounded.
The orc hits you but does no damage.
You barely miss the orc.
The orc is heavily wounded.
* * * LOW HITPOINT WARNING * * *
You feel sick. The orc closely misses you.
You hit the orc.
You kill the orc!
* * * LOW HITPOINT WARNING * * *
You feel sick.
There is a lethal amount of poison in your body!
* * * LOW HITPOINT WARNING * * *
You feel sick.
Found a stone staircase leading down.
You die...

#..# #..#
#.###..####.#
#....<.....#
...###.#######
#.# # ###.####
#.###.#.#..).#
#..!...@.###.#
###.#$....# #
#....)$>.# ∆
###.....##
##.....
##.#### ###


There were no monsters in sight!

Vanquished Creatures
  A water moccasin (D:3)
  3 gnolls (D:2)
  3 adders (D:2)
  3 worms (D:2)
  A dart slug (D:2)
  A leopard gecko (D:2)
  An orc (D:3)
  4 bats (D:2)
  3 giant cockroaches (D:2)
  A goblin (D:1)
  5 hobgoblins
  2 jackals (D:1)
  8 kobolds
  A ball python (D:1)
  3 frilled lizards
40 creatures vanquished.

Notes
Turn   | Place    | Note
-------+----------+-------------------------------------------
     0 | D:1      | xccam the Gnoll Wanderer began the quest for the Orb.
     0 | D:1      | xccam set off with: a +2 short sword, a +0 ring mail, a +0 hand axe, a ration
     0 | D:1      | Reached XP level 1. HP: 23/23 MP: 1/1
   253 | D:1      | Reached XP level 2. HP: 23/29 MP: 2/2
   687 | D:2      | Reached XP level 3. HP: 34/35 MP: 3/3
   729 | D:2      | HP: 1/35 [gnoll/flail (7)]
   752 | D:2      | Reached skill level 1 in Invocations
   759 | D:2      | Reached skill level 1 in Long Blades
   759 | D:2      | Reached skill level 1 in Maces & Flails
   759 | D:2      | Reached skill level 1 in Polearms
   759 | D:2      | Reached skill level 1 in Staves
   759 | D:2      | Reached skill level 1 in Slings
   759 | D:2      | Reached skill level 1 in Bows
   759 | D:2      | Reached skill level 1 in Crossbows
   759 | D:2      | Reached skill level 1 in Throwing
   759 | D:2      | Reached skill level 1 in Dodging
   759 | D:2      | Reached skill level 1 in Stealth
   759 | D:2      | Reached skill level 1 in Unarmed Combat
   759 | D:2      | Reached skill level 1 in Spellcasting
   759 | D:2      | Reached skill level 1 in Evocations
   888 | D:2      | Reached XP level 4. HP: 26/41 MP: 5/5
  1427 | D:2      | Reached skill level 1 in Conjurations
  1427 | D:2      | Reached skill level 1 in Hexes
  1427 | D:2      | Reached skill level 1 in Charms
  1427 | D:2      | Reached skill level 1 in Summonings
  1427 | D:2      | Reached skill level 1 in Necromancy
  1427 | D:2      | Reached skill level 1 in Translocations
  1427 | D:2      | Reached skill level 1 in Transmutations
  1427 | D:2      | Reached skill level 1 in Fire Magic
  1427 | D:2      | Reached skill level 1 in Ice Magic
  1427 | D:2      | Reached skill level 1 in Air Magic
  1427 | D:2      | Reached skill level 1 in Earth Magic
  1427 | D:2      | Reached skill level 1 in Poison Magic
  1880 | D:3      | Noticed a water moccasin
  1899 | D:3      | Killed a water moccasin
  1899 | D:3      | Reached XP level 5. HP: 4/47 MP: 5/7
  1902 | D:3      | HP: 2/47 [poisoned by a water moccasin]
  1905 | D:3      | Succumbed to a water moccasin's poison

Vault maps used:
D:1:      saegor_arrival_simple_a, minivault_4
D:3:      gammafunk_temple_overflow_pools

Skill      XL: |  1  2  3  4 |
---------------+-------------+-----
Invocations    | 1 |  1.9
Long Blades    | 1 |  1.6
Maces & Flails | 1 |  1.6
Polearms       | 1 |  1.6
Staves         | 1 |  1.6
Slings         | 1 |  1.6
Bows           | 1 |  1.6
Crossbows      | 1 |  1.6
Throwing       | 1 |  1.6
Dodging        | 1 |  1.6
Stealth        | 1 |  1.6
Unarmed Combat | 1 |  1.6
Spellcasting   | 1 |  1.6
Evocations     | 1 |  1.6
Conjurations   | 1 |  1.3
Hexes          | 1 |  1.3
Charms         | 1 |  1.3
Summonings     | 1 |  1.3
Necromancy     | 1 |  1.3
Translocations | 1 |  1.3
Transmutations | 1 |  1.3
Fire Magic     | 1 |  1.3
Ice Magic      | 1 |  1.3
Air Magic      | 1 |  1.3
Earth Magic    | 1 |  1.3
Poison Magic   | 1 |  1.3
Short Blades   | 3 |  3.1
Fighting       | |  6.7
Axes           | |  4.8
Armour         | |  4.8
Shields        | |  4.8

Action                   |  1- 3 |  4- 6 || total
-------------------------+-------+-------++-------
Melee: Short sword       |    73 |    89 ||   162
       Bite              |     4 |    11 ||    15
       Punch             |     2 |       ||     2
  Use: Potion            |     1 |       ||     1
       Scroll            |       |     6 ||     6
  Eat: Chunk             |       |     3 ||     3
Armor: Ring mail         |    20 |    35 ||    55
Dodge: Dodged            |    31 |    58 ||    89

Table legend:
 A = Spawn XP
 B = Non-spawn XP
 C = Spawn XP percentage of total XP
 D = Spawn monster count
 E = Non-spawn monster count
 F = Spawn count percentage of total count
 G = Total turns spent on level
                    A         B        C        D         E        F      G
               +---------+---------+-------+---------+---------+-------+---------
         Total |       0 |     307 |   0.0 |       0 |      40 |   0.0 |  1905
               +---------+---------+-------+---------+---------+-------+---------
           D:1 |       0 |      20 |   0.0 |       0 |      12 |   0.0 |   681
           D:2 |       0 |     131 |   0.0 |       0 |      26 |   0.0 |  1196
           D:3 |       0 |     156 |   0.0 |       0 |       2 |   0.0 |    28
               +---------+---------+-------+---------+---------+-------+---------
